Map: Odyssey LE

Players

BackupA (Rob)

  • Race: Protoss Protoss
  • Spawn Location: 5:00

PtitDrogo - Winner!

  • Race: Protoss Protoss
  • Spawn Location: 11:00

Event: WCS Montreal 2017

VOD

Have the link to the VOD?

Description

Time

  • Played on: Sept. 8, 2017, 1:05 p.m.
  • Length: 7:34

All games in this series

Show
View Real Time Build Order
Export as new Build Order

BackupA Protoss 

Build Orders: Cannon Rush 

Get SALT Encoding   

  12  0:00  Probe (Chrono Boost)  
  13  0:11  Probe (Chrono Boost)  
  14  0:16  Pylon  
  14  0:22  Probe (Chrono Boost)  
  15  0:35  Probe (Chrono Boost)  
  16  0:37  Forge  
  16  0:45  Probe (Chrono Boost)  
  17  1:02  Pylon  
  17  1:03  Pylon  
  17  1:09  Pylon  
  17  1:21  Photon Cannon  
  17  1:29  Photon Cannon  
  17  1:32  Pylon  
  17  1:41  Photon Cannon  
  17  1:47  Pylon  
  17  1:57  Pylon  
  17  1:59  Probe (Chrono Boost)  
  17  2:14  Probe (Chrono Boost)  
  17  2:15  Gateway  
  18  2:19  Assimilator  
  18  2:24  Assimilator  
  18  2:27  Probe (Chrono Boost)  
  19  2:32  Assimilator  
  19  2:43  Gateway  
  19  2:45  Probe (Chrono Boost)  
  20  2:55  Probe (Chrono Boost)  
  21  3:03  Cybernetics Core  
  21  3:06  Probe (Chrono Boost)  
  21  3:17  Probe (Chrono Boost)  
  22  3:27  Probe (Chrono Boost)  
  23  3:40  Warp Gate  
  23  3:47  Twilight Council  
  22  3:52  Pylon  
  22  3:53  Probe (Chrono Boost)  
  21  4:04  Probe (Chrono Boost)  
  21  4:15  Probe (Chrono Boost)  
  21  4:16  Stalker x2  
  26  4:23  Blink (Chrono Boost)  
  26  4:39  Gateway  
  26  4:46  Stalker  
  26  4:47  Stalker  
  30  4:53  Probe  
  31  5:18  Pylon  
  31  5:42  Gateway  
  29  5:44  Pylon  
  29  5:47  Stalker  
  29  5:48  Stalker x2  
  35  5:52  Dark Shrine  
  33  6:11  Stalker x2  
  37  6:22  Stalker  
  39  6:36  Stalker x2  
  39  6:37  Stalker  
  41  6:51  Stalker  
  43  6:59  Stalker  
  43  7:01  Stalker  
  46  7:18  Dark Templar  
Show
View Real Time Build Order
Export as new Build Order

PtitDrogo Protoss - Winner!

Build Orders:  

Get SALT Encoding   

  12  0:00  Probe (Chrono Boost)  
  13  0:11  Probe (Chrono Boost)  
  14  0:16  Pylon  
  14  0:22  Probe (Chrono Boost)  
  15  0:35  Probe (Chrono Boost)  
  16  0:36  Gateway  
  16  0:41  Assimilator  
  16  0:45  Probe (Chrono Boost)  
  17  0:51  Assimilator  
  17  0:56  Probe (Chrono Boost)  
  18  1:06  Probe (Chrono Boost)  
  19  1:23  Zealot (Chrono Boost)  
  21  1:26  Cybernetics Core  
  21  1:31  Pylon  
  19  2:29  Mothership Core (Chrono Boost)  
  21  2:42  Adept (Chrono Boost)  
  23  2:47  Warp Gate (Chrono Boost)  
  23  2:48  Probe  
  24  3:00  Probe  
  25  3:18  Stalker  
  27  3:20  Probe  
  28  3:27  Pylon  
  28  3:35  Nexus  
  28  3:41  Assimilator  
  28  3:44  Probe  
  29  4:04  Probe  
  30  4:16  Probe (Chrono Boost)  
  29  4:17  Gateway  
  29  4:18  Gateway  
  29  4:27  Robotics Facility  
  29  4:29  Probe (Chrono Boost)  
  29  4:30  Pylon  
  30  4:40  Probe (Chrono Boost)  
  30  4:44  Stalker  
  33  4:48  Probe (Chrono Boost)  
  33  4:51  Probe (Chrono Boost)  
  35  4:58  Probe (Chrono Boost)  
  36  5:02  Probe (Chrono Boost), Pylon  
  37  5:09  Probe (Chrono Boost)  
  38  5:16  Stalker  
  40  5:25  Probe (Chrono Boost)  
  40  5:26  Probe (Chrono Boost)  
  40  5:29  Sentry x2  
  40  5:35  Probe (Chrono Boost)  
  43  5:36  Probe (Chrono Boost), Observer (Chrono Boost)  
  45  5:46  Probe, Stalker  
  45  5:47  Probe  
  49  5:59  Probe  
  49  6:02  Stalker  
  52  6:05  Probe  
  52  6:07  Zealot  
  52  6:09  Assimilator  
  52  6:11  Probe, Assimilator, Pylon  
  56  6:12  Pylon  
  56  6:13  Stalker  
  56  6:24  Immortal (Chrono Boost)  
  58  6:26  Gateway  
  58  6:27  Zealot  
  60  6:36  Stalker  
  60  6:38  Probe, Stalker  
  60  6:39  Probe  
  62  6:50  Stalker  
  62  6:51  Probe  
  63  6:55  Gateway  
  67  7:10  Observer (Chrono Boost)  
  67  7:11  Adept x2  
  68  7:17  Gateway  
  68  7:19  Adept, Pylon  
Tags
 
Add a new tag
Caveats
  • Supply blocks, unpowered buildings, or Contaminate may cause inaccurate times.
  • Supply counts are checked every 10 seconds.